AoeStats
← Obsawt

Arabia

507034800Analyzed
1v1 RM · 14d ago on Sep 16, 2026· 35m 58s· 2 players
Game mode
Random Map
Map size
Tiny (2 player)
Population
200
Speed
Normal
Resources
Standard
Victory
Conquest
Starting age
Dark Age
Ending age
Imperial Age
RankedLock teamsTeams togetherTeam positionsShared explorationLock speedFull tech treeHidden civsTurbo modeCheats
Victory
Defeat
🇹🇷 Teutons · Türkiye
753
+14
🇪🇸 Khmer · Spain
714
-14
Obsawt
11:06 Feudal Age
12:00 Double-Bit Axe
15:36 Horse Collar
20:05 Castle Age
18:39 Forging
18:25 Gold Mining
18:30 Stone Mining
23:58 Forging
28:21 Scale Barding Armor
29:47 Bloodlines
30:58 Stone Shaft Mining
34:12 Gold Shaft Mining
34:54 Wheelbarrow
Nyks
10:39 Feudal Age
8:55 Loom
11:11 Horse Collar
11:18 Double-Bit Axe
12:23 Wheelbarrow
12:45 Man-at-Arms
16:36 Arson
17:56 Gold Mining
18:43 Forging
18:34 Scale Mail Armor
19:49 Scale Barding Armor
20:20 Bloodlines
24:16 Castle Age
23:29 Town Watch
24:59 Squires
25:26 Bow Saw
26:04 Stone Mining
26:55 Pikeman
30:03 Town Patrol
30:42 Stone Shaft Mining
31:34 Chain Mail Armor
31:55 Iron Casting
31:50 Gambesons
32:43 Long Swordsman
Connection lost

Rejoining the realm…

Still unreachable

The connection could not be restored.

Session expired

The server has moved on; the page needs a fresh start.